AoeStats
← kjubab

Arena

509090837Analyzed
2v2 RM · 8d ago on Sep 25, 2026· 158m 13s· 4 players
Game mode
Random Map
Map size
Medium (4 player)
Population
200
Speed
Normal
Resources
Standard
Victory
Conquest
Starting age
Dark Age
Ending age
Imperial Age
RankedLock teamsTeams togetherTeam positionsShared explorationLock speedFull tech treeHidden civsTurbo modeCheats
Victory
Defeat
🇨🇳 Sicilians · China
771
+14
🇨🇳 Japanese · China
748
+14
🇨🇿 Bohemians · Czechia
746
-15
🇨🇿 Vietnamese · Czechia
695
-13
kjubab
11:01 Feudal Age
14:43 Castle Age
12:32 Loom
12:39 Double-Bit Axe
19:48 Horse Collar
20:19 Bow Saw
20:52 Wheelbarrow
22:40 Hand Cart
23:13 Heavy Plow
25:04 Pikeman
25:45 Squires
25:30 Arson
25:57 Forging
25:47 Scale Mail Armor
31:23 Imperial Age
31:32 Iron Casting
31:13 Chain Mail Armor
30:49 Fletching
31:15 Wagenburg Tactics
32:11 Halberdier
33:53 Blast Furnace
33:42 Plate Mail Armor
33:02 Elite Hussite Wagon
34:03 Conscription
35:27 Chemistry
34:40 Masonry
34:51 Ballistics
35:37 Houfnice
36:26 Siege Engineers
36:17 Murder Holes
38:07 Bodkin Arrow
40:01 Architecture
40:09 Bombard Tower
61:55 Bracer
85:01 Husbandry
85:10 Scale Barding Armor
90:52 Light Cavalry
93:41 Chain Barding Armor
107:35 Town Watch
107:20 Heavy Scorpion
118:11 Town Patrol
Kedrgda
1:34 Loom
10:15 Feudal Age
12:48 Wheelbarrow
12:03 Double-Bit Axe
15:42 Horse Collar
16:28 Gold Mining
20:49 Stone Mining
23:50 Castle Age
23:28 Padded Archer Armor
23:19 Fletching
23:30 Scale Mail Armor
24:13 Elite Skirmisher
24:17 Pikeman
24:58 Squires
24:44 Arson
25:17 Leather Archer Armor
25:38 Bow Saw
26:07 Bodkin Arrow
26:50 Heavy Plow
27:28 Forging
28:00 Ballistics
29:48 Hand Cart
31:16 Caravan
40:18 Imperial Age
38:36 Chain Mail Armor
38:57 Iron Casting
42:12 Halberdier
43:26 Plate Mail Armor
43:27 Ring Archer Armor
46:35 Bracer
46:01 Imperial Skirmisher
56:01 Two-Man Saw
55:46 Crop Rotation
55:38 Paper Money
88:36 Scale Barding Armor
91:43 Cavalier
91:49 Elite Battle Elephant
93:38 Elite Rattan Archer
97:41 Chain Barding Armor
108:11 Husbandry
108:23 Bloodlines
122:01 Elite Fire Lancer
125:17 Chemistry
125:07 Light Cavalry
143:49 Murder Holes
145:30 Plate Barding Armor
忆凉月
11:49 Feudal Age
12:37 Double-Bit Axe
12:34 Horse Collar
19:23 Castle Age
17:51 Scale Mail Armor
18:06 Forging
17:56 Gold Mining
17:49 Man-at-Arms
18:19 Arson
21:03 Heavy Plow
21:16 Bow Saw
22:24 Chain Mail Armor
24:04 Wheelbarrow
25:14 Squires
27:10 Hand Cart
30:54 Imperial Age
29:49 Masonry
29:22 Treadmill Crane
29:56 Masonry
29:43 Murder Holes
29:59 Fortified Wall
30:52 Hand Cart
30:32 Stone Mining
31:29 Iron Casting
32:36 Light Cavalry
33:17 Husbandry
33:29 Bloodlines
34:00 Ballistics
34:42 Chemistry
36:19 Scale Barding Armor
37:08 Siege Engineers
39:05 Elite Samurai
46:44 Plate Mail Armor
47:16 Blast Furnace
46:40 Chain Barding Armor
46:13 Capped Ram
54:15 Conscription
58:26 Herbal Medicine
73:05 Two-Man Saw
78:36 Caravan
96:14 Padded Archer Armor
105:56 Leather Archer Armor
105:32 Fletching
105:18 Elite Skirmisher
107:05 Bodkin Arrow
112:32 Ring Archer Armor
112:03 Bracer
Vita
0:35 Loom
12:52 Feudal Age
14:18 Double-Bit Axe
14:18 Horse Collar
21:06 Castle Age
22:47 Bow Saw
24:01 Stone Mining
24:01 Gold Mining
24:04 Light Cavalry
24:57 Forging
24:53 Scale Barding Armor
24:53 Scale Mail Armor
25:46 Heavy Plow
30:06 Chain Barding Armor
30:21 Iron Casting
30:02 Chain Mail Armor
31:02 Pikeman
34:41 Imperial Age
33:07 First Crusade
34:09 Wheelbarrow
35:56 Hauberk
35:13 Elite Serjeant
36:16 Conscription
36:40 Cavalier
37:21 Husbandry
38:28 Hand Cart
39:59 Blast Furnace
39:34 Plate Barding Armor
39:30 Plate Mail Armor
41:04 Gold Shaft Mining
60:56 Stone Shaft Mining
90:01 Halberdier
93:46 Squires
93:57 Padded Archer Armor
107:12 Caravan
116:43 Squires
116:30 Arson
Connection lost

Rejoining the realm…

Still unreachable

The connection could not be restored.

Session expired

The server has moved on; the page needs a fresh start.